Senateurs vs Lightning

Created - October 14, 2018 at 22:10

Goals
1 2 3 T
Senateurs 0 1 0 1
Lightning 2 0 1 3
Shots
1 2 3 T
Senateurs 5 14 9 28
Lightning 4 11 14 29

1st period

1. Lightning , Sheldon Keefe 1 (Justin Schultz 1, Steve Bernier 1) at 0:49
2. Lightning , Kris Versteeg 1 (Justin Schultz 2) at 11:52

Penalties :
Marian Hossa (Ott) for Elbowing (Minor) at 12:14, Robert Nilsson (TB.) for Holding (Minor) at 17:43

2nd period

3. Senateurs , Colby Armstrong 1 (Brenden Morrow 1, Evgeni Malkin 1) at 13:30

Penalties :
Justin Schultz (TB.) for Interference (Minor) at 6:06

3rd period

4. Lightning , Henrik Zetterberg 1 (John Carlson 1, Kris Versteeg 1) at 19:51 (Empty Net)

Penalties :
Dan Hamhuis (Ott) for Holding Stick (Minor) at 8:45, Radim Vrbata (Ott) for Tripping (Minor) at 13:23

Goalie Stats

Ondrej Pavelec (Ott), 26 saves from 28 shots - (0.929), L, 0-1-0, 58:54 minutes
Jaroslav Halak (TB.), 27 saves from 28 shots - (0.964), W, 1-0-0, 60:00 minutes

Players Stats for Senateurs

Player Name              G  A  P  +/- PIM S  H  SB GA TA FO     MP     PP MP  PK MP  
------------------------------------------------------------------------------------
Brandon Dubinsky         0  0  0   0  0   3  0  0  0  1  3/7    10:51   0:00   2:06 
Brenden Morrow           0  1  1   0  0   3  2  0  1  0  1/2    19:01   1:47   1:44 
Brooks Orpik             0  0  0   1  0   0  1  2  0  0  0/0    13:08   0:05   0:00 
Carlo Colaiacovo         0  0  0  -1  0   1  0  2  1  0  0/0    18:54   1:48   2:29 
Chris Kunitz             0  0  0   0  0   0  1  0  0  0  0/0     8:25   0:00   0:00 
Cody Franson             0  0  0  -2  0   0  2  1  0  2  0/0    24:05   2:10   3:28 
Cody Hodgson             0  0  0  -1  0   1  1  0  1  0  4/6    14:50   0:13   0:00 
Colby Armstrong          1  0  1   0  0   2  0  0  0  0  0/0    12:16   1:47   0:00 
Colton Parayko           0  0  0  -1  0   0  1  0  0  0  0/0    20:22   0:00   1:10 
Dan Hamhuis              0  0  0  -2  2   3  2  1  0  0  0/0    26:47   2:05   2:18 
Daniel Briere            0  0  0   0  0   4  3  0  1  0  6/9    16:35   1:47   2:32 
Evgeni Malkin            0  1  1  -1  0   2  1  1  1  0  14/25  22:15   2:04   2:32 
Marian Hossa             0  0  0  -1  2   4  2  1  0  0  1/2    19:20   2:05   1:11 
Radim Vrbata             0  0  0  -1  2   2  4  0  0  1  0/0    13:35   0:07   0:00 
Sergei Kostitsyn         0  0  0   0  0   0  0  1  0  0  0/0    10:29   0:00   0:00 
Thomas Vanek             0  0  0  -2  0   1  1  0  2  0  0/1    17:58   2:04   1:49 
Tomas Jurco              0  0  0   0  0   1  2  1  0  0  0/0     8:25   0:00   0:00 
Vladimir Mihalik         0  0  0   1  0   1  1  2  0  0  0/0    16:44   1:48   2:29 

Players Stats for Lightning

Player Name              G  A  P  +/- PIM S  H  SB GA TA FO     MP     PP MP  PK MP  
------------------------------------------------------------------------------------
Andy Rogers              0  0  0   0  0   0  3  0  0  2  0/0    15:21   0:00   2:30 
Daniel Carcillo          0  0  0  -1  0   5  2  0  0  0  1/1    12:14   0:00   1:08 
Danny Richmond           0  0  0   1  0   0  2  2  1  0  0/0    20:27   2:38   1:28 
Gabriel Landeskog        0  0  0   1  0   0  0  1  0  1  1/2    21:01   3:26   1:53 
Henrik Zetterberg        1  0  1   1  0   4  2  0  0  0  0/0    17:58   2:28   0:14 
Jan Bulis                0  0  0   1  0   1  0  0  0  0  1/4     7:46   0:00   0:21 
Jeff Schultz             0  0  0   1  0   1  2  0  0  0  0/0    25:33   2:38   2:30 
John Carlson             0  1  1   1  0   1  2  4  0  1  0/0    25:40   3:19   1:28 
Jordan Nolan             0  0  0   0  0   4  2  0  0  0  4/10   18:07   3:10   1:36 
Justin Schultz           0  2  2   1  2   4  0  3  0  0  0/0    20:26   3:19   0:00 
Kris Versteeg            1  1  2   2  0   2  3  1  1  1  0/0    20:36   2:31   0:00 
Kurt Sauer               0  0  0   0  0   0  1  1  0  0  0/0    13:10   0:00   0:00 
Mikael Backlund          0  0  0  -1  0   3  1  0  0  0  4/11   11:06   0:00   0:00 
Pierre-Luc Létourneau    0  0  0   1  0   0  1  1  0  0  1/3     7:50   0:19   0:00 
Reilly Smith             0  0  0   0  0   1  1  1  0  0  0/1    17:09   3:10   1:08 
Robert Nilsson           0  0  0   2  2   1  1  1  1  1  11/20  21:30   2:31   0:53 
Sheldon Keefe            1  0  1   1  0   2  0  1  1  0  0/0     9:00   0:16   0:43 
Steve Bernier            0  1  1  -1  0   0  1  0  0  1  0/0    11:06   0:00   0:00 

3 Stars

1 - Kris Versteeg (TB.)
2 - Jaroslav Halak (TB.)
3 - Henrik Zetterberg (TB.)

Power Play

Senateurs - 0 on 2 Attempt(s) - 0.00%
Lightning - 0 on 3 Attempt(s) - 0.00%

Penalty Kill

Senateurs - 3 on 3 Attempt(s) - 100.00% - Score 0 goal in Penalty Kill
Lightning - 2 on 2 Attempt(s) - 100.00% - Score 0 goal in Penalty Kill

Team Stat

Senateurs - Hits : 24 - Faceoff Wins : 29 - Blocked Shots : 12 - Penalty Minutes : 6
Lightning - Hits : 24 - Faceoff Wins : 23 - Blocked Shots : 16 - Penalty Minutes : 4

Official

Referees : Unknown
Linesman : Unknown

Game Notes

Henrik Zetterberg has scored in a empty net!

Finance

Level 1 -- Attendance: 4047 (67.45%) -- Ticket Income $465,405
Level 2 -- Attendance: 3638 (72.76%) -- Ticket Income $232,832
Level 3 -- Attendance: 1492 (74.60%) -- Ticket Income $65,648
Level 4 -- Attendance: 2075 (51.88%) -- Ticket Income $83,000
Luxury Box -- Attendance: 573 (57.30%) -- Ticket Income $123,195
Game was played at the Tampa Bay Stadium.
Total Attendance: 11825 (65.69%)
Total Ticket Income: $970,080
Other Income: $145,512
Total Income: $1,115,592

Senateurs

5 vs 5 Forward 
   Center                   Left Wing                Right Wing               Time % Phy DF OF 
 1 Evgeni Malkin            Brenden Morrow           Marian Hossa             40     1   2  2  
 2 Cody Hodgson             Thomas Vanek             Radim Vrbata             30     1   2  2  
 3 Daniel Briere            Sergei Kostitsyn         Colby Armstrong          20     1   2  2  
 4 Brandon Dubinsky         Chris Kunitz             Tomas Jurco              10     1   2  2  

5 vs 5 Defense 
   Defense                  Defense                                           Time % Phy DF OF 
 1 Dan Hamhuis              Colton Parayko                                    40     1   2  2  
 2 Carlo Colaiacovo         Cody Franson                                      30     1   2  2  
 3 Brooks Orpik             Vladimir Mihalik                                  20     1   2  2  
 4 Dan Hamhuis              Cody Franson                                      10     1   2  2  

PowerPlay Forward 
   Center                   Left Wing                Right Wing               Time % Phy DF OF 
 1 Evgeni Malkin            Thomas Vanek             Marian Hossa             60     1   2  2  
 2 Daniel Briere            Brenden Morrow           Colby Armstrong          40     1   2  2  

PowerPlay Defense
   Defense                  Defense                                           Time % Phy DF OF 
 1 Dan Hamhuis              Cody Franson                                      60     1   2  2  
 2 Carlo Colaiacovo         Vladimir Mihalik                                  40     1   2  2  

Penalty Kill 4 Players Forward 
   Center                   Wing                     Time % Phy DF OF 
 1 Evgeni Malkin            Daniel Briere            60     1   2  2  
 2 Thomas Vanek             Marian Hossa             40     1   2  2  

Penalty Kill 4 Players Defense
   Defense                  Defense                  Time % Phy DF OF 
 1 Dan Hamhuis              Cody Franson             60     1   2  2  
 2 Carlo Colaiacovo         Vladimir Mihalik         40     1   2  2  

Penalty Kill - 3 Players Forward 
   Forward                                           Time % Phy DF OF 
 1 Evgeni Malkin                                     60     1   2  2  
 2 Daniel Briere                                     40     1   2  2  

Penalty Kill - 3 Players Defense
   Defense                  Defense                  Time % Phy DF OF 
 1 Dan Hamhuis              Cody Franson             60     1   2  2  
 2 Carlo Colaiacovo         Vladimir Mihalik         40     1   2  2  

4 vs 4 Forward 
   Center                   Wing                     Time % Phy DF OF 
 1 Evgeni Malkin            Daniel Briere            60     1   2  2  
 2 Thomas Vanek             Marian Hossa             40     1   2  2  

4 vs 4 Defense
   Defense                  Defense                  Time % Phy DF OF 
 1 Dan Hamhuis              Cody Franson             60     1   2  2  
 2 Carlo Colaiacovo         Vladimir Mihalik         40     1   2  2  

Last Minutes Offensive
   Center                   Left Wing                Right Wing               Defense                  Defense                  
   Evgeni Malkin            Thomas Vanek             Marian Hossa             Dan Hamhuis              Cody Franson             

Last Minutes Defensive
   Center                   Left Wing                Right Wing               Defense                  Defense                  
   Evgeni Malkin            Thomas Vanek             Marian Hossa             Dan Hamhuis              Cody Franson             

Goaltenders
Starting : Ondrej Pavelec           
Backup : Jeff Deslauriers         

Extra Forwards
Normal : Cody Hodgson, Radim Vrbata, Brandon Dubinsky - PP : Cody Hodgson, Radim Vrbata - PK : Brandon Dubinsky
Extra Defensemen
Normal : Brooks Orpik, Colton Parayko, Carlo Colaiacovo - PP : Brooks Orpik - PK : Colton Parayko, Carlo Colaiacovo
Penalty Shots
Evgeni Malkin, Daniel Briere, Thomas Vanek, Marian Hossa, Brenden Morrow

Scratches
None

Lightning

5 vs 5 Forward 
   Center                   Left Wing                Right Wing               Time % Phy DF OF 
 1 Robert Nilsson           Gabriel Landeskog        Kris Versteeg            40     1   2  2  
 2 Jordan Nolan             Henrik Zetterberg        Reilly Smith             30     1   2  2  
 3 Mikael Backlund          Daniel Carcillo          Steve Bernier            20     1   2  2  
 4 Jan Bulis                Pierre-Luc Létourneau    Sheldon Keefe            10     1   2  2  

5 vs 5 Defense 
   Defense                  Defense                                           Time % Phy DF OF 
 1 Jeff Schultz             John Carlson                                      40     1   2  2  
 2 Justin Schultz           Danny Richmond                                    30     1   2  2  
 3 Andy Rogers              Kurt Sauer                                        20     1   2  2  
 4 Jeff Schultz             John Carlson                                      10     1   2  2  

PowerPlay Forward 
   Center                   Left Wing                Right Wing               Time % Phy DF OF 
 1 Robert Nilsson           Henrik Zetterberg        Kris Versteeg            60     1   2  2  
 2 Jordan Nolan             Gabriel Landeskog        Reilly Smith             40     1   2  2  

PowerPlay Defense
   Defense                  Defense                                           Time % Phy DF OF 
 1 Justin Schultz           John Carlson                                      60     1   2  2  
 2 Jeff Schultz             Danny Richmond                                    40     1   2  2  

Penalty Kill 4 Players Forward 
   Center                   Wing                     Time % Phy DF OF 
 1 Robert Nilsson           Gabriel Landeskog        60     1   2  2  
 2 Jordan Nolan             Sheldon Keefe            40     1   2  2  

Penalty Kill 4 Players Defense
   Defense                  Defense                  Time % Phy DF OF 
 1 Jeff Schultz             Andy Rogers              60     1   2  2  
 2 John Carlson             Danny Richmond           40     1   2  2  

Penalty Kill - 3 Players Forward 
   Forward                                           Time % Phy DF OF 
 1 Gabriel Landeskog                                 60     1   2  2  
 2 Sheldon Keefe                                     40     1   2  2  

Penalty Kill - 3 Players Defense
   Defense                  Defense                  Time % Phy DF OF 
 1 Jeff Schultz             Andy Rogers              60     1   2  2  
 2 John Carlson             Danny Richmond           40     1   2  2  

4 vs 4 Forward 
   Center                   Wing                     Time % Phy DF OF 
 1 Robert Nilsson           Kris Versteeg            60     1   2  2  
 2 Jordan Nolan             Henrik Zetterberg        40     1   2  2  

4 vs 4 Defense
   Defense                  Defense                  Time % Phy DF OF 
 1 Jeff Schultz             John Carlson             60     1   2  2  
 2 Andy Rogers              Danny Richmond           40     1   2  2  

Last Minutes Offensive
   Center                   Left Wing                Right Wing               Defense                  Defense                  
   Robert Nilsson           Henrik Zetterberg        Kris Versteeg            Jeff Schultz             John Carlson             

Last Minutes Defensive
   Center                   Left Wing                Right Wing               Defense                  Defense                  
   Robert Nilsson           Henrik Zetterberg        Kris Versteeg            Jeff Schultz             John Carlson             

Goaltenders
Starting : Jaroslav Halak           
Backup : Adam Munro               

Extra Forwards
Normal : Pierre-Luc Létourneau, Gabriel Landeskog, Reilly Smith - PP : Pierre-Luc Létourneau, Gabriel Landeskog - PK : Reilly Smith
Extra Defensemen
Normal : Justin Schultz, Kurt Sauer, Andy Rogers - PP : Justin Schultz - PK : Justin Schultz, Andy Rogers
Penalty Shots
Robert Nilsson, Kris Versteeg, Henrik Zetterberg, Jordan Nolan, Daniel Carcillo

Scratches
None


% Time on Ice - Senateurs

Lines # - Real PCT - Wanted PCT - Time Play
Normal Forward
1 - 35% - 40% - 17:05
2 - 27% - 30% - 13:11
3 - 21% - 20% - 10:29
4 - 17% - 10% - 8:25
Normal Defense
1 - 40% - 40% - 19:50
2 - 30% - 30% - 14:37
3 - 25% - 20% - 12:22
4 - 5% - 10% - 2:21
PP Forward
1 - 55% - 60% - 2:11
2 - 45% - 40% - 1:47
PP Defense
1 - 55% - 60% - 2:10
2 - 45% - 40% - 1:48
PK Forward
1 - 69% - 60% - 4:08
2 - 31% - 40% - 1:49
PK Defense
1 - 58% - 60% - 3:28
2 - 42% - 40% - 2:29
PK3 Forward
1 - 0% - 60%
2 - 0% - 40%
PK3 Defense
1 - 0% - 60%
2 - 0% - 40%
44 Forward
1 - 0% - 60%
2 - 0% - 40%
44 Defense
1 - 0% - 60%
2 - 0% - 40%
Last Minute Offensive  - 0:55
Last Minute Defensive  - 0:00
Total
Forward - 60:00
Defense - 60:00

% Time on Ice - Lightning

Lines # - Real PCT - Wanted PCT - Time Play
Normal Forward
1 - 35% - 40% - 17:23
2 - 27% - 30% - 13:21
3 - 23% - 20% - 11:06
4 - 15% - 10% - 7:23
Normal Defense
1 - 37% - 40% - 18:27
2 - 33% - 30% - 16:23
3 - 25% - 20% - 12:13
4 - 4% - 10% - 2:10
PP Forward
1 - 47% - 60% - 2:47
2 - 53% - 40% - 3:10
PP Defense
1 - 56% - 60% - 3:19
2 - 44% - 40% - 2:38
PK Forward
1 - 82% - 60% - 3:15
2 - 18% - 40% - 0:43
PK Defense
1 - 63% - 60% - 2:30
2 - 37% - 40% - 1:28
PK3 Forward
1 - 0% - 60%
2 - 0% - 40%
PK3 Defense
1 - 0% - 60%
2 - 0% - 40%
44 Forward
1 - 0% - 60%
2 - 0% - 40%
44 Defense
1 - 0% - 60%
2 - 0% - 40%
Last Minute Offensive  - 0:00
Last Minute Defensive  - 0:52
Total
Forward - 60:00
Defense - 60:00

Play by Play

1st period


0:01 of 1st period - Robert Nilsson wins face-off versus Evgeni Malkin in neutral zone.
0:49 of 1st period - Snap shot by Sheldon Keefe.
0:49 of 1st period - Goal by Sheldon Keefe - Senateurs : 0 - Lightning : 1.
0:50 of 1st period - Daniel Carcillo wins face-off versus Daniel Briere in neutral zone.
0:55 of 1st period - Snap shot by Mikael Backlund.
0:55 of 1st period - Stopped by Ondrej Pavelec with a rebound.
1:01 of 1st period - Snap shot by Daniel Briere.
1:01 of 1st period - Stopped by Jaroslav Halak without a rebound.
1:02 of 1st period - Robert Nilsson wins face-off versus Brandon Dubinsky in Lightning zone.
1:29 of 1st period - Danny Richmond is hit by Radim Vrbata and loses puck.
1:52 of 1st period - Wrist shot by Daniel Carcillo.
1:52 of 1st period - Stopped by Ondrej Pavelec without a rebound.
1:53 of 1st period - Daniel Briere wins face-off versus Mikael Backlund in Senateurs zone.
2:18 of 1st period - Jeff Schultz is hit by Marian Hossa and loses puck.
2:26 of 1st period - Off-side.
2:27 of 1st period - Pierre-Luc Létourneau wins face-off versus Evgeni Malkin in neutral zone.
2:53 of 1st period - Gabriel Landeskog is hit by Thomas Vanek.
3:54 of 1st period - Icing by Colby Armstrong.
3:55 of 1st period - Daniel Briere wins face-off versus Jan Bulis in Senateurs zone.
4:06 of 1st period - Slapshot by Marian Hossa.
4:06 of 1st period - Stopped by Jaroslav Halak with a rebound.
4:08 of 1st period - Wrist shot by Brooks Orpik.
4:08 of 1st period - Shot Blocked by Pierre-Luc Létourneau.
4:20 of 1st period - Cody Hodgson is hit by Robert Nilsson.
4:40 of 1st period - Carlo Colaiacovo is hit by Kurt Sauer and loses puck.
5:52 of 1st period - Slapshot by Thomas Vanek.
5:52 of 1st period - Shot Blocked by John Carlson.
5:54 of 1st period - Snap shot by Cody Hodgson.
5:54 of 1st period - Shot Blocked by Robert Nilsson.
5:56 of 1st period - Snap shot by Radim Vrbata.
5:56 of 1st period - Shot Misses the Net.
5:58 of 1st period - Snap shot by Carlo Colaiacovo.
5:58 of 1st period - Stopped by Jaroslav Halak without a rebound.
5:59 of 1st period - Evgeni Malkin wins face-off versus Jordan Nolan in Lightning zone.
6:00 of 1st period - Snap shot by Brenden Morrow.
6:00 of 1st period - Shot Blocked by Justin Schultz.
6:24 of 1st period - Colton Parayko is hit by Pierre-Luc Létourneau and loses puck.
6:53 of 1st period - Colton Parayko is hit by Andy Rogers and loses puck.
7:04 of 1st period - Justin Schultz is hit by Daniel Briere and loses puck.
7:46 of 1st period - Colby Armstrong is hit by Danny Richmond and loses puck.
8:00 of 1st period - Icing by Vladimir Mihalik.
8:01 of 1st period - Daniel Briere wins face-off versus Jordan Nolan in Senateurs zone.
9:11 of 1st period - Wrist shot by Kris Versteeg.
9:11 of 1st period - Shot Blocked by Dan Hamhuis.
10:11 of 1st period - Off-side.
10:12 of 1st period - Robert Nilsson wins face-off versus Brandon Dubinsky in neutral zone.
10:30 of 1st period - Off-side.
10:31 of 1st period - Jordan Nolan wins face-off versus Evgeni Malkin in neutral zone.
10:56 of 1st period - Dan Hamhuis is hit by Kris Versteeg.
11:22 of 1st period - Robert Nilsson is hit by Radim Vrbata and loses puck.
11:52 of 1st period - Wrist shot by Kris Versteeg.
11:52 of 1st period - Goal by Kris Versteeg - Senateurs : 0 - Lightning : 2.
11:53 of 1st period - Evgeni Malkin wins face-off versus Jordan Nolan in neutral zone.
12:14 of 1st period - Minor Penalty to Marian Hossa for Elbowing.
12:15 of 1st period - Evgeni Malkin wins face-off versus Robert Nilsson in Senateurs zone.
12:15 of 1st period - Evgeni Malkin is hit by John Carlson.
13:21 of 1st period - Vladimir Mihalik is hit by Danny Richmond and loses puck.
14:07 of 1st period - Danny Richmond is hit by Brenden Morrow and loses puck.
14:14 of 1st period - Penalty to Marian Hossa is over, Marian Hossa is back on ice.
14:18 of 1st period - Dan Hamhuis is hit by Daniel Carcillo.
14:26 of 1st period - Snap shot by Brenden Morrow.
14:26 of 1st period - Stopped by Jaroslav Halak without a rebound.
14:27 of 1st period - Cody Hodgson wins face-off versus Mikael Backlund in Lightning zone.
14:34 of 1st period - Snap shot by Cody Hodgson.
14:34 of 1st period - Shot Misses the Net.
14:41 of 1st period - Icing by Kurt Sauer.
14:42 of 1st period - Mikael Backlund wins face-off versus Evgeni Malkin in Lightning zone.
14:59 of 1st period - Wrist shot by Daniel Carcillo.
14:59 of 1st period - Shot Misses the Net.
15:55 of 1st period - Off-side.
15:56 of 1st period - Jan Bulis wins face-off versus Brenden Morrow in neutral zone.
16:21 of 1st period - Cody Franson is hit by Jeff Schultz and loses puck.
17:08 of 1st period - Slapshot by Vladimir Mihalik.
17:08 of 1st period - Shot Blocked by Danny Richmond.
17:10 of 1st period - Slapshot by Vladimir Mihalik.
17:10 of 1st period - Stopped by Jaroslav Halak without a rebound.
17:11 of 1st period - Evgeni Malkin wins face-off versus Jordan Nolan in Lightning zone.
17:22 of 1st period - Brenden Morrow is hit by Reilly Smith and loses puck.
17:41 of 1st period - Wrist shot by Colby Armstrong.
17:41 of 1st period - Shot Blocked by Kurt Sauer.
17:43 of 1st period - Minor Penalty to Robert Nilsson for Holding.
17:44 of 1st period - Evgeni Malkin wins face-off versus Reilly Smith in Lightning zone.
18:09 of 1st period - Gabriel Landeskog is hit by Daniel Briere and loses puck.
19:43 of 1st period - Penalty to Robert Nilsson is over, Robert Nilsson is back on ice.
19:51 of 1st period - Off-side.
19:52 of 1st period - Brandon Dubinsky wins face-off versus Jan Bulis in neutral zone.
Goals for this period are 0 for Senateurs vs 2 for Lightning .
Shots for this period are 5 for Senateurs vs 4 for Lightning .

2nd period


0:01 of 2nd period - Robert Nilsson wins face-off versus Marian Hossa in neutral zone.
0:01 of 2nd period - John Carlson is hit by Evgeni Malkin and loses puck.
0:31 of 2nd period - Slapshot by Dan Hamhuis.
0:31 of 2nd period - Stopped by Jaroslav Halak with a rebound.
0:53 of 2nd period - Off-side.
0:54 of 2nd period - Cody Hodgson wins face-off versus Robert Nilsson in neutral zone.
1:28 of 2nd period - Snap shot by Evgeni Malkin.
1:28 of 2nd period - Shot Misses the Net.
2:19 of 2nd period - Justin Schultz is hit by Dan Hamhuis and loses puck.
3:15 of 2nd period - Snap shot by Tomas Jurco.
3:15 of 2nd period - Stopped by Jaroslav Halak with a rebound.
5:18 of 2nd period - Wrist shot by Mikael Backlund.
5:18 of 2nd period - Shot Misses the Net.
5:20 of 2nd period - Wrist shot by Steve Bernier.
5:20 of 2nd period - Shot Blocked by Tomas Jurco.
5:26 of 2nd period - Snap shot by Brandon Dubinsky.
5:26 of 2nd period - Stopped by Jaroslav Halak with a rebound.
5:28 of 2nd period - Snap shot by Tomas Jurco.
5:28 of 2nd period - Deflect By Sheldon Keefe.
5:28 of 2nd period - Shot Blocked by Sheldon Keefe.
5:28 of 2nd period - Puck is out of play.
5:29 of 2nd period - Evgeni Malkin wins face-off versus Jan Bulis in Lightning zone.
6:06 of 2nd period - Minor Penalty to Justin Schultz for Interference.
6:07 of 2nd period - Robert Nilsson wins face-off versus Evgeni Malkin in Lightning zone.
6:59 of 2nd period - Danny Richmond is hit by Brenden Morrow and loses puck.
7:10 of 2nd period - Wrist shot by Brenden Morrow.
7:10 of 2nd period - Stopped by Jaroslav Halak with a rebound.
8:04 of 2nd period - Jeff Schultz is hit by Cody Franson and loses puck.
8:06 of 2nd period - Penalty to Justin Schultz is over, Justin Schultz is back on ice.
8:19 of 2nd period - Andy Rogers is hit by Cody Franson and loses puck.
8:32 of 2nd period - Brooks Orpik is hit by Jeff Schultz and loses puck.
8:48 of 2nd period - Off-side.
8:49 of 2nd period - Mikael Backlund wins face-off versus Daniel Briere in neutral zone.
8:52 of 2nd period - Colby Armstrong is hit by Daniel Carcillo and loses puck.
9:07 of 2nd period - Robert Nilsson is hit by Tomas Jurco.
9:46 of 2nd period - Henrik Zetterberg is hit by Marian Hossa and loses puck.
10:00 of 2nd period - Icing by Cody Franson.
10:01 of 2nd period - Daniel Briere wins face-off versus Robert Nilsson in Senateurs zone.
10:50 of 2nd period - Snap shot by Jordan Nolan.
10:50 of 2nd period - Stopped by Ondrej Pavelec with a rebound.
11:56 of 2nd period - Snap shot by Daniel Briere.
11:56 of 2nd period - Stopped by Jaroslav Halak with a rebound.
11:58 of 2nd period - Slapshot by Colby Armstrong.
11:58 of 2nd period - Stopped by Jaroslav Halak with a rebound.
12:00 of 2nd period - Snap shot by Sergei Kostitsyn.
12:00 of 2nd period - Shot Misses the Net.
12:02 of 2nd period - Slapshot by Dan Hamhuis.
12:02 of 2nd period - Shot Blocked by Justin Schultz.
12:04 of 2nd period - Wrist shot by Colton Parayko.
12:04 of 2nd period - Shot Blocked by Danny Richmond.
12:06 of 2nd period - Snap shot by Daniel Briere.
12:06 of 2nd period - Stopped by Jaroslav Halak with a rebound.
12:15 of 2nd period - Off-side.
12:16 of 2nd period - Jordan Nolan wins face-off versus Brandon Dubinsky in neutral zone.
12:29 of 2nd period - Wrist shot by Henrik Zetterberg.
12:29 of 2nd period - Shot Blocked by Carlo Colaiacovo.
12:49 of 2nd period - Slapshot by Cody Hodgson.
12:49 of 2nd period - Deflect By John Carlson.
12:49 of 2nd period - Stopped by Jaroslav Halak with a rebound.
12:51 of 2nd period - Snap shot by Radim Vrbata.
12:51 of 2nd period - Shot Misses the Net.
12:53 of 2nd period - Snap shot by Thomas Vanek.
12:53 of 2nd period - Shot Misses the Net.
13:17 of 2nd period - Jeff Schultz is hit by Vladimir Mihalik and loses puck.
13:30 of 2nd period - Snap shot by Colby Armstrong.
13:30 of 2nd period - Goal by Colby Armstrong - Senateurs : 1 - Lightning : 2.
13:31 of 2nd period - Brenden Morrow wins face-off versus Gabriel Landeskog in neutral zone.
13:56 of 2nd period - Radim Vrbata is hit by Jordan Nolan and loses puck.
14:03 of 2nd period - Snap shot by Dan Hamhuis.
14:03 of 2nd period - Stopped by Jaroslav Halak with a rebound.
14:08 of 2nd period - Justin Schultz is hit by Brooks Orpik and loses puck.
14:23 of 2nd period - Wrist shot by Sheldon Keefe.
14:23 of 2nd period - Shot Blocked by Vladimir Mihalik.
14:25 of 2nd period - Wrist shot by Sheldon Keefe.
14:25 of 2nd period - Stopped by Ondrej Pavelec with a rebound.
14:27 of 2nd period - Snap shot by Jan Bulis.
14:27 of 2nd period - Stopped by Ondrej Pavelec with a rebound.
14:29 of 2nd period - Slapshot by John Carlson.
14:29 of 2nd period - Shot Blocked by Brooks Orpik.
14:31 of 2nd period - Snap shot by Sheldon Keefe.
14:31 of 2nd period - Shot Blocked by Sergei Kostitsyn.
14:41 of 2nd period - Snap shot by Daniel Briere.
14:41 of 2nd period - Stopped by Jaroslav Halak without a rebound.
14:42 of 2nd period - Evgeni Malkin wins face-off versus Mikael Backlund in Lightning zone.
14:55 of 2nd period - Slapshot by Steve Bernier.
14:55 of 2nd period - Shot Misses the Net.
15:18 of 2nd period - Snap shot by Thomas Vanek.
15:18 of 2nd period - Shot Misses the Net.
15:34 of 2nd period - Backhand shot by Reilly Smith.
15:34 of 2nd period - Stopped by Ondrej Pavelec without a rebound.
15:35 of 2nd period - Evgeni Malkin wins face-off versus Jordan Nolan in Senateurs zone.
15:35 of 2nd period - Evgeni Malkin is hit by John Carlson.
16:00 of 2nd period - Marian Hossa is hit by Henrik Zetterberg and loses puck.
16:07 of 2nd period - Backhand shot by Jordan Nolan.
16:07 of 2nd period - Stopped by Ondrej Pavelec without a rebound.
16:08 of 2nd period - Robert Nilsson wins face-off versus Cody Hodgson in Senateurs zone.
16:11 of 2nd period - Snap shot by Robert Nilsson.
16:11 of 2nd period - Shot Misses the Net.
16:17 of 2nd period - Slapshot by Vladimir Mihalik.
16:17 of 2nd period - Shot Misses the Net.
16:19 of 2nd period - Slapshot by Brooks Orpik.
16:19 of 2nd period - Shot Misses the Net.
16:21 of 2nd period - Snap shot by Radim Vrbata.
16:21 of 2nd period - Stopped by Jaroslav Halak with a rebound.
16:23 of 2nd period - Slapshot by Vladimir Mihalik.
16:23 of 2nd period - Deflect By Thomas Vanek.
16:23 of 2nd period - Stopped by Jaroslav Halak without a rebound.
16:24 of 2nd period - Marian Hossa wins face-off versus Jordan Nolan in Lightning zone.
16:25 of 2nd period - Snap shot by Evgeni Malkin.
16:25 of 2nd period - Shot Hit the Post.
16:33 of 2nd period - Slapshot by Brenden Morrow.
16:33 of 2nd period - Shot Misses the Net.
16:35 of 2nd period - Snap shot by Brenden Morrow.
16:35 of 2nd period - Shot Blocked by Reilly Smith.
16:37 of 2nd period - Slapshot by Marian Hossa.
16:37 of 2nd period - Stopped by Jaroslav Halak with a rebound.
16:39 of 2nd period - Snap shot by Evgeni Malkin.
16:39 of 2nd period - Shot Misses the Net.
16:55 of 2nd period - Snap shot by Henrik Zetterberg.
16:55 of 2nd period - Stopped by Ondrej Pavelec with a rebound.
16:57 of 2nd period - Snap shot by Jordan Nolan.
16:57 of 2nd period - Shot Misses the Net.
16:59 of 2nd period - Slapshot by Jeff Schultz.
16:59 of 2nd period - Deflect By Reilly Smith.
16:59 of 2nd period - Shot Blocked by Brooks Orpik.
16:59 of 2nd period - Puck is out of play.
17:00 of 2nd period - Robert Nilsson wins face-off versus Evgeni Malkin in Senateurs zone.
17:01 of 2nd period - Slapshot by Kris Versteeg.
17:01 of 2nd period - Shot Misses the Net.
17:03 of 2nd period - Slapshot by Justin Schultz.
17:03 of 2nd period - Stopped by Ondrej Pavelec without a rebound.
17:04 of 2nd period - Robert Nilsson wins face-off versus Evgeni Malkin in Senateurs zone.
17:17 of 2nd period - Slapshot by Justin Schultz.
17:17 of 2nd period - Deflect By Dan Hamhuis.
17:17 of 2nd period - Stopped by Ondrej Pavelec with a rebound.
17:33 of 2nd period - Snap shot by Henrik Zetterberg.
17:33 of 2nd period - Stopped by Ondrej Pavelec with a rebound.
17:53 of 2nd period - Wrist shot by Mikael Backlund.
17:53 of 2nd period - Stopped by Ondrej Pavelec with a rebound.
18:29 of 2nd period - Brooks Orpik is hit by Kris Versteeg and loses puck.
18:36 of 2nd period - Justin Schultz is hit by Tomas Jurco and loses puck.
18:55 of 2nd period - Snap shot by Henrik Zetterberg.
18:55 of 2nd period - Shot Blocked by Cody Franson.
18:57 of 2nd period - Slapshot by Jeff Schultz.
18:57 of 2nd period - Stopped by Ondrej Pavelec with a rebound.
Goals for this period are 1 for Senateurs vs 0 for Lightning .
Shots for this period are 14 for Senateurs vs 11 for Lightning .

3rd period


0:01 of 3rd period - Evgeni Malkin wins face-off versus Robert Nilsson in neutral zone.
0:06 of 3rd period - Wrist shot by Evgeni Malkin.
0:06 of 3rd period - Shot Blocked by John Carlson.
0:26 of 3rd period - Jeff Schultz is hit by Radim Vrbata.
1:32 of 3rd period - Snap shot by Evgeni Malkin.
1:32 of 3rd period - Stopped by Jaroslav Halak without a rebound.
1:33 of 3rd period - Evgeni Malkin wins face-off versus Robert Nilsson in Lightning zone.
2:22 of 3rd period - Colby Armstrong is hit by Mikael Backlund and loses puck.
2:27 of 3rd period - Snap shot by Mikael Backlund.
2:27 of 3rd period - Shot Blocked by Carlo Colaiacovo.
2:29 of 3rd period - Slapshot by Justin Schultz.
2:29 of 3rd period - Stopped by Ondrej Pavelec with a rebound.
2:31 of 3rd period - Wrist shot by Mikael Backlund.
2:31 of 3rd period - Shot Misses the Net.
3:00 of 3rd period - Brooks Orpik is hit by Andy Rogers and loses puck.
3:52 of 3rd period - Colby Armstrong is hit by Andy Rogers and loses puck.
4:05 of 3rd period - Jan Bulis is hit by Dan Hamhuis.
4:28 of 3rd period - Slapshot by Danny Richmond.
4:28 of 3rd period - Shot Misses the Net.
4:30 of 3rd period - Slapshot by Justin Schultz.
4:30 of 3rd period - Stopped by Ondrej Pavelec with a rebound.
4:46 of 3rd period - Snap shot by Henrik Zetterberg.
4:46 of 3rd period - Stopped by Ondrej Pavelec without a rebound.
4:47 of 3rd period - Robert Nilsson wins face-off versus Evgeni Malkin in Senateurs zone.
5:18 of 3rd period - Snap shot by Henrik Zetterberg.
5:18 of 3rd period - Shot Blocked by Vladimir Mihalik.
5:20 of 3rd period - Wrist shot by Henrik Zetterberg.
5:20 of 3rd period - Deflect By Jordan Nolan.
5:20 of 3rd period - Stopped by Ondrej Pavelec with a rebound.
5:30 of 3rd period - Jordan Nolan is hit by Radim Vrbata and loses puck.
6:22 of 3rd period - Wrist shot by Evgeni Malkin.
6:22 of 3rd period - Stopped by Jaroslav Halak with a rebound.
6:24 of 3rd period - Snap shot by Brenden Morrow.
6:24 of 3rd period - Shot Blocked by Gabriel Landeskog.
7:02 of 3rd period - Wrist shot by Daniel Carcillo.
7:02 of 3rd period - Deflect By Daniel Briere.
7:02 of 3rd period - Stopped by Ondrej Pavelec without a rebound.
7:03 of 3rd period - Mikael Backlund wins face-off versus Evgeni Malkin in Senateurs zone.
7:42 of 3rd period - Snap shot by Radim Vrbata.
7:42 of 3rd period - Shot Blocked by John Carlson.
7:58 of 3rd period - Wrist shot by Henrik Zetterberg.
7:58 of 3rd period - Shot Misses the Net.
8:12 of 3rd period - Backhand shot by Chris Kunitz.
8:12 of 3rd period - Deflect By Brandon Dubinsky.
8:12 of 3rd period - Stopped by Jaroslav Halak with a rebound.
8:14 of 3rd period - Wrist shot by Chris Kunitz.
8:14 of 3rd period - Shot Blocked by John Carlson.
8:16 of 3rd period - Snap shot by Dan Hamhuis.
8:16 of 3rd period - Deflect By Chris Kunitz.
8:16 of 3rd period - Shot Misses the Net.
8:16 of 3rd period - Puck is out of play.
8:17 of 3rd period - Robert Nilsson wins face-off versus Brandon Dubinsky in Lightning zone.
8:17 of 3rd period - Robert Nilsson is hit by Chris Kunitz.
8:45 of 3rd period - Minor Penalty to Dan Hamhuis for Holding Stick.
8:46 of 3rd period - Evgeni Malkin wins face-off versus Robert Nilsson in Senateurs zone.
8:46 of 3rd period - Evgeni Malkin is hit by Kris Versteeg.
9:28 of 3rd period - Wrist shot by Jordan Nolan.
9:28 of 3rd period - Stopped by Ondrej Pavelec without a rebound.
9:29 of 3rd period - Jordan Nolan wins face-off versus Evgeni Malkin in Senateurs zone.
10:34 of 3rd period - Colton Parayko is hit by Jordan Nolan.
10:45 of 3rd period - Penalty to Dan Hamhuis is over, Dan Hamhuis is back on ice.
10:58 of 3rd period - Justin Schultz is hit by Colton Parayko and loses puck.
11:10 of 3rd period - Henrik Zetterberg is hit by Cody Hodgson and loses puck.
11:29 of 3rd period - Snap shot by Evgeni Malkin.
11:29 of 3rd period - Shot Misses the Net.
11:51 of 3rd period - Kris Versteeg is hit by Daniel Briere and loses puck.
12:26 of 3rd period - Wrist shot by Robert Nilsson.
12:26 of 3rd period - Stopped by Ondrej Pavelec without a rebound.
12:27 of 3rd period - Brandon Dubinsky wins face-off versus Mikael Backlund in Senateurs zone.
12:32 of 3rd period - Tomas Jurco is hit by Steve Bernier and loses puck.
12:43 of 3rd period - Wrist shot by Mikael Backlund.
12:43 of 3rd period - Shot Misses the Net.
13:23 of 3rd period - Minor Penalty to Radim Vrbata for Tripping.
13:24 of 3rd period - Jordan Nolan wins face-off versus Thomas Vanek in Senateurs zone.
13:25 of 3rd period - Wrist shot by John Carlson.
13:25 of 3rd period - Stopped by Ondrej Pavelec with a rebound.
14:10 of 3rd period - Wrist shot by Brenden Morrow.
14:10 of 3rd period - Stopped by Jaroslav Halak with a rebound.
14:12 of 3rd period - Snap shot by Brandon Dubinsky.
14:12 of 3rd period - Shot Misses the Net.
14:14 of 3rd period - Snap shot by Brandon Dubinsky.
14:14 of 3rd period - Stopped by Jaroslav Halak without a rebound.
14:15 of 3rd period - Brandon Dubinsky wins face-off versus Robert Nilsson in Lightning zone.
15:05 of 3rd period - Icing by Pierre-Luc Létourneau.
15:06 of 3rd period - Evgeni Malkin wins face-off versus Pierre-Luc Létourneau in Lightning zone.
15:23 of 3rd period - Penalty to Radim Vrbata is over, Radim Vrbata is back on ice.
15:27 of 3rd period - Slapshot by Vladimir Mihalik.
15:27 of 3rd period - Deflect By Radim Vrbata.
15:27 of 3rd period - Stopped by Jaroslav Halak without a rebound.
15:28 of 3rd period - Cody Hodgson wins face-off versus Mikael Backlund in Lightning zone.
15:32 of 3rd period - Wrist shot by Radim Vrbata.
15:32 of 3rd period - Shot Misses the Net.
15:34 of 3rd period - Snap shot by Radim Vrbata.
15:34 of 3rd period - Shot Blocked by Justin Schultz.
16:55 of 3rd period - Off-side.
16:56 of 3rd period - Mikael Backlund wins face-off versus Cody Hodgson in neutral zone.
17:01 of 3rd period - Snap shot by Daniel Carcillo.
17:01 of 3rd period - Stopped by Ondrej Pavelec with a rebound.
17:03 of 3rd period - Slapshot by Justin Schultz.
17:03 of 3rd period - Deflect By Mikael Backlund.
17:03 of 3rd period - Stopped by Ondrej Pavelec without a rebound.
17:04 of 3rd period - Daniel Briere wins face-off versus Mikael Backlund in Senateurs zone.
17:19 of 3rd period - Snap shot by Daniel Carcillo.
17:19 of 3rd period - Stopped by Ondrej Pavelec without a rebound.
17:20 of 3rd period - Evgeni Malkin wins face-off versus Robert Nilsson in Senateurs zone.
17:36 of 3rd period - Icing by Kris Versteeg.
17:37 of 3rd period - Gabriel Landeskog wins face-off versus Daniel Briere in Lightning zone.
17:52 of 3rd period - Slapshot by Daniel Briere.
17:52 of 3rd period - Shot Blocked by Kris Versteeg.
18:08 of 3rd period - Snap shot by Daniel Carcillo.
18:08 of 3rd period - Stopped by Ondrej Pavelec with a rebound.
18:10 of 3rd period - Slapshot by John Carlson.
18:10 of 3rd period - Deflect By Mikael Backlund.
18:10 of 3rd period - Shot Blocked by Evgeni Malkin.
18:10 of 3rd period - Puck is out of play.
18:11 of 3rd period - Daniel Briere wins face-off versus Mikael Backlund in Senateurs zone.
18:35 of 3rd period - Icing by Sergei Kostitsyn.
18:36 of 3rd period - Robert Nilsson wins face-off versus Evgeni Malkin in Senateurs zone.
18:37 of 3rd period - Snap shot by Kris Versteeg.
18:37 of 3rd period - Stopped by Ondrej Pavelec without a rebound.
18:38 of 3rd period - Evgeni Malkin wins face-off versus Robert Nilsson in Senateurs zone.
18:45 of 3rd period - Senateurs, Ondrej Pavelec is pulled from the net.
18:47 of 3rd period - Snap shot by Marian Hossa.
18:47 of 3rd period - Shot Misses the Net.
18:49 of 3rd period - Snap shot by Marian Hossa.
18:49 of 3rd period - Stopped by Jaroslav Halak with a rebound.
18:51 of 3rd period - Slapshot by Dan Hamhuis.
18:51 of 3rd period - Stopped by Jaroslav Halak with a rebound.
18:53 of 3rd period - Wrist shot by Marian Hossa.
18:53 of 3rd period - Stopped by Jaroslav Halak with a rebound.
19:03 of 3rd period - Thomas Vanek is hit by Henrik Zetterberg.
19:23 of 3rd period - Slapshot by Jeff Schultz.
19:23 of 3rd period - Shot Blocked by Marian Hossa.
19:51 of 3rd period - Snap shot by Henrik Zetterberg.
19:51 of 3rd period - Goal by Henrik Zetterberg - Senateurs : 1 - Lightning : 3.
19:51 of 3rd period - Ondrej Pavelec from Senateurs was sent back in the game.
19:52 of 3rd period - Cody Hodgson wins face-off versus Pierre-Luc Létourneau in neutral zone.
Goals for this period are 0 for Senateurs vs 1 for Lightning .
Shots for this period are 9 for Senateurs vs 14 for Lightning .